 Dungeon Crawl Stone Soup version 0.29.1-15-g9cfb28693d (webtiles) character file.

Game seed: 7224579600997343653

24 Arctor the Ruffian (level 2, -3/34 HPs)
             Began as a Draconian Transmuter on Feb 23, 2023.
             Slain by Sigmund
             ... wielding a +0 scythe
              (6 damage)
             ... on level 2 of the Dungeon.
             The game lasted 00:01:21 (1019 turns).

Arctor the Ruffian (Draconian Transmuter)           Turns: 1019, Time: 00:01:22

Health: -3/34      AC: 25    Str: 12    XL:     2   Next: 79%
Magic:  5/5        EV: -1    Int: 13    God:
Gold:   63         SH:  0    Dex: 11    Spells: 3/5 levels left

rFire   . . .      SeeInvis .   h - +5 whip of Wrongful Imprisonment {vorpal, +Blink rC+}
rCold   + . .      Faith    .   (no shield)
rNeg    + . .      Spirit   .   (body armour unavailable)
rPois   +          Reflect  .   (helmet currently unavailable)
rElec   .          Harm     .   (cloak currently unavailable)
rCorr   .          Rampage  .   (gloves currently unavailable)
Will    .....      NoTele   +   (boots currently unavailable)
Stlth   +.........              (no amulet)
HPRegen 0.11/turn               d - ring of positive energy
MPRegen 0.09/turn               e - +4 ring of protection

@: tree-form, attractive, hasted, constricted, very quick
A: stationary, stasis, torment immunity, boosted hp, AC +4, unfitting armour,
(cold-blooded)
a: Evoke Blink


You were on level 2 of the Dungeon.
You were a tree.
You visited 1 branch of the dungeon, and saw 2 of its levels.

You collected 63 gold pieces.

Inventory:

Hand Weapons
 h - the +5 whip of Wrongful Imprisonment (weapon) {vorpal, +Blink rC+}
   (You found it on level 2 of the Dungeon)

   It inflicts extra damage upon your enemies.
   rC:        It protects you from cold.
   +Blink:    It lets you blink.
Jewellery
 d - a ring of positive energy (left branch)
 e - a +4 ring of protection (right branch)
Scrolls
 f - a scroll of fog {unknown}
 g - 2 scrolls of amnesia {unknown}
 j - a scroll of identify {unknown}


   Skills:
 + Level 1.6 Fighting
 + Level 0.0 Maces & Flails
 + Level 2.1 Dodging
 - Level 3.2 Unarmed Combat
 + Level 2.2 Spellcasting
 + Level 0.4 Summonings
 - Level 2.1 Transmutations


You had 3 spell levels left.
You knew the following spells:

 Your Spells              Type           Power      Damage    Failure   Level
a - Beastly Appendage     Tmut           14%        N/A       11%         1
b - Summon Small Mammal   Summ           8%         N/A       21%         1

Your spell library contained the following spells:

 Spells                   Type           Power      Damage    Failure   Level
 Wereblood                Tmut           7%         N/A       16%         2
 Static Discharge         Conj/Air       1%         3-4/arc   36%         2
 Spider Form              Tmut/Pois      4%         N/A       43%         3
 Call Canine Familiar     Summ           2%         N/A       52%         3
 Summon Guardian Golem    Hex/Summ       2%         N/A       56%         3
 Ice Form                 Ice/Tmut       4%         N/A       85%         4
 Dispel Undead            Necr           1%         3d6       94%         4
 Sticky Flame             Conj/Fire      1%         2d3       94%         4


Dungeon Overview and Level Annotations

Branches:
Dungeon (2/15)

Altars:

Annotations:
D:2 Sigmund


Innate Abilities, Weirdness & Mutations

You are a tree.
Your roots penetrate the ground, keeping you stationary.
You cannot be teleported.
You are immune to unholy pain and torment.
Your maximum health is greatly increased.
Your equipment is partially melded.
((Your plain brown scales are hard. (AC +4)))
You cannot fit into any form of body armour.
((You are cold-blooded and may be slowed by cold attacks.))


Message History

No target in view!
Sigmund the Dreaded comes into view.
He is wielding a +0 scythe.
Found 10 gold pieces.
Sigmund shouts!
A ball python comes into view.
There are monsters nearby!
Sigmund hits you with a +0 scythe!
There are monsters nearby!
You barely miss Sigmund.
Sigmund says, "Look into my eyes."
Sigmund gestures at you while chanting. The puff of flame hits you!
Ouch! That really hurt!
* * * LOW HITPOINT WARNING * * *
There are monsters nearby!
You are too injured to fight recklessly!
Okay, then.
Okay, then.
Really quaff the potion of lignification?
You turn into a tree.
Your roots penetrate the ground.
The ball python hisses angrily.
A quokka comes into view.
Sigmund hits you but does no damage.
It was a potion of haste.
You feel yourself speed up.
A rat comes into view.
It was a potion of attraction.
You feel attractive to monsters. Sigmund hits you but does no damage.
The ball python is attracted toward you.
The rat is attracted toward you.
As you read the scroll labelled RAFEHA SYJI, it crumbles to dust.
The creatures around you are filled with an inner flame!
It was a scroll of immolation.
The ball python is attracted toward you.
The rat is attracted toward you.
You barely miss the ball python.
The ball python bites you but does no damage.
The ball python grabs you. The ball python constricts you.
Sigmund hits you with a +0 scythe.
You die...

#######.##...........
#.############.
.#######.# #..
.........# #.#
.######..###########..
.................)...
..####..###########.#
...#.####..# #.#
......@♣...# #.#
...#...Sr..# #>#
#####§.## #.# #§.# #.#
#.§. #...# ...§# ##
..##. #. #.


You could see Sigmund (inner flame), a ball python (inner flame) and a rat
(inner flame).

Vanquished Creatures
  An adder (D:2)
  A dart slug (D:1)
  A bat (D:1)
  An endoplasm (D:2)
  A goblin (D:1)
  A hobgoblin (D:1)
  2 kobolds (D:1)
  A quokka (D:1)
  2 ball pythons (D:1)
  A frilled lizard (D:1)
  A rat (D:2)
13 creatures vanquished.

Notes
Turn   | Place    | Note
-------+----------+-------------------------------------------
     0 | D:1      | Arctor the Draconian Transmuter began the quest for the
                  | Orb.
     0 | D:1      | Reached XP level 1. HP: 16/16 MP: 3/3
   223 | D:1      | Reached XP level 2. HP: 21/23 MP: 3/5
   225 | D:1      | Learned a level 1 spell: Summon Small Mammal
   913 | D:2      | Identified the +5 whip of Wrongful Imprisonment {vorpal,
                  | +Blink rC+}
  1011 | D:2      | Noticed Sigmund
  1019 | D:2      | Slain by Sigmund

Illustrated notes

Levels and vault maps discovered:
D:1:      lemuel_arrival_broad_hall, layout_basic
D:2:      layout_loops_ring, minmay_hexomino_c4, uniq_sigmund

Skill      XL: |  1  2 |
---------------+-------+-----
Dodging        | 2 |  2.1
Fighting       | |  1.6
Unarmed Combat | |  3.2
Spellcasting   | |  2.2
Summonings     | |  0.4
Transmutations | |  2.1

Action                   || total
-------------------------++-------
Melee: Unarmed           ||    19
       Punch             ||     3
       Kick              ||     3
       Tailslap          ||     2
       Headbutt          ||     1
       Whip              ||     4
 Cast: Beastly Appendage ||     6
       Summon Small Mamm ||     1
  Use: Potion            ||     3
       Scroll            ||     1
Armor: Skin              ||     6
Dodge: Dodged            ||    14
